 Dungeon Crawl Stone Soup version 0.23.2-1-ga50397a (webtiles) character file.

Game seed: 2564900433553254423

3607 MalarOregon the Fighter (level 10, -2/85 (88) HPs)
             Began as a Ghoul Warper on May 27, 2019.
             Was a Believer of Makhleb.
             Slain by a two-headed ogre
             ... wielding a +0 giant club
              (21 damage)
             ... on level 11 of the Dungeon.
             The game lasted 00:26:43 (10526 turns).

MalarOregon the Fighter (Ghoul Warper)             Turns: 10526, Time: 00:26:43

HP:   -2/85 (88)    AC:  9    Str: 16    XL:     10   Next: 11%
MP:   12/12         EV: 21    Int: 13    God:    Makhleb [**....]
Gold: 324           SH:  0    Dex: 15    Spells: 8/13 levels left

rFire    + . .     SeeInvis .   a - +1 falchion
rCold    + + .     Gourm    .   (no shield)
rNeg     + + +     Faith    .   y - +2 robe {rF+}
rPois    ∞         Spirit   .   v - +0 helmet (curse)
rElec    .         Reflect  .   g - scarf {cloud immunity}
rCorr    .         Harm     .   k - +0 pair of gloves
MR       .....                  h - +2 pair of boots
Stlth    ++++......             (no amulet)
HPRegen  0.00/turn              o - ring of protection from cold
MPRegen  0.13/turn              x - +4 ring of intelligence

@: agile, rotting
A: rotting body, claws 1, carnivore, cold resistance 1, negative energy
resistance 3, inhibited regeneration, torment resistance, unbreathing
a: Minor Destruction, Renounce Religion


You were on level 11 of the Dungeon.
You worshipped Makhleb.
Makhleb was pleased with you.
You were not hungry.

You visited 2 branches of the dungeon, and saw 12 of its levels.

You collected 324 gold pieces.

Inventory:

Hand Weapons
 a - a +1 falchion (weapon)
Missiles
 z - a throwing net (quivered) {!f}
Armour
 g - a scarf of cloud immunity (worn)
   (You found it on level 1 of the Dungeon)
 h - a +2 pair of boots (worn)
   (You found it on level 2 of the Dungeon)
 k - a +0 pair of gloves (worn)
   (You found it on level 1 of the Dungeon)
 v - a cursed +0 helmet (worn)
   (You found it on level 4 of the Dungeon)
 y - a +2 robe of fire resistance (worn)
   (You took it off an orc wizard on level 6 of the Dungeon)
Jewellery
 o - a ring of protection from cold (left hand)
   (You found it on level 5 of the Dungeon)
 x - a +4 ring of intelligence (right hand)
   (You found it on level 6 of the Dungeon)
 D - an uncursed ring of flight
   (You found it on level 7 of the Dungeon)
Wands
 f - a wand of enslavement (6)
   (You found it on level 11 of the Dungeon)
 t - a wand of flame (12)
   (You found it on level 7 of the Dungeon)
 u - a wand of paralysis (2)
   (You found it on level 10 of the Dungeon)
Scrolls
 d - a scroll of blinking
 j - 3 scrolls of teleportation {@r4}
 l - 3 scrolls of remove curse {@r2}
 A - a scroll of fear
 B - a scroll of fog
 C - a scroll of enchant weapon
 E - a scroll of magic mapping {unknown}
Potions
 b - a potion of lignification {unknown}
 c - a potion of agility
 i - 2 potions of flight {unknown}
 m - 2 potions of curing {@q1}
 n - a potion of degeneration {unknown}
 p - 2 potions of mutation {unknown}
 q - 2 potions of heal wounds {unknown}
 r - a potion of brilliance {unknown}
 s - 2 potions of resistance
 w - a potion of invisibility {unknown}
Comestibles
 e - 15 rations {!d}


   Skills:
 * Level 8.2 Fighting
 * Level 6.8 Long Blades
 - Level 0.8 Throwing
 - Level 0.8 Armour
 * Level 6.8 Dodging
 + Level 5.9 Stealth
 - Level 2.0 Spellcasting
 - Level 3.0 Translocations
 - Level 4.0 Invocations


You had 8 spell levels left.
You knew the following spells:

 Your Spells              Type           Power        Failure   Level  Hunger
a - Gell's Gravitas       Tloc           #.........   22%         3    ####...
b - Blink                 Tloc           N/A          11%         2    ###....

Your spell library contained the following spells:

 Spells                   Type           Power        Failure   Level  Hunger
 Shroud of Golubria       Chrm/Tloc      #.........   21%         2    ###....
 Lesser Beckoning         Tloc           #.........   22%         3    ####...
 Teleport Other           Tloc           #.......     22%         3    ####...
 Passage of Golubria      Tloc           N/A          58%         4    #####..


Dungeon Overview and Level Annotations

Branches:
Dungeon (11/15)            Temple (1/1) D:4
   Lair: D:8-11         Orc: D:9-12

Altars:
Ashenzari
Cheibriados
Dithmenos
Elyvilon
Fedhas
Gozag
Hepliaklqana
Kikubaaqudgha
Makhleb
Okawaru
Qazlal
Ru
Sif Muna
Trog
Uskayaw
Vehumet
Wu Jian
Xom
Yredelemnul
Zin
The Shining One

Shops:
D:8 *

Annotations:
D:4 exclusion: oklob plant
D:10 Grum
D:11 exclusions: troll, two-headed ogre and ugly thing


Innate Abilities, Weirdness & Mutations

Your body is rotting away.
You thrive on raw meat.
You are immune to poison.
You have sharp fingernails.
You are carnivorous and can eat meat at any time.
Your flesh is cold resistant. (rC+)
You are immune to negative energy. (rN+++)
You do not regenerate when monsters are visible.
You are immune to unholy pain and torment.
You can survive without breathing.


Message History

The ogre shouts!
You hear a shout! x2
You barely miss the ogre.
An orc comes into view. It is wielding a -3 mace.
The ogre misses you.
You slash the ogre!
A two-headed ogre comes into view. It is wielding two +0 giant clubs.
The ogre misses you.
You barely miss the ogre.
The two-headed ogre shouts in stereo!
An orc comes into view. It is wielding a +0 dagger.
You barely miss the ogre.
An orc warrior comes into view. It is wielding a +0 flail.
The ogre hits you with a +0 giant spiked club!
A quokka comes into view.
The orc warrior shouts!
An orc comes into view. It is wielding a +0 whip.
The orc shouts!
You see here a stone.
You see here 4 stones.
Things that are here:
an uncursed staff of death; a potion of blood {@q0} You hit the ogre.
The ogre closely misses you.
You hit the ogre but do no damage. The ogre misses you.
You slash the ogre! You hit the ogre. The ogre barely misses you.
You hit the ogre but do no damage. The ogre closely misses you.
You barely miss the ogre. You hit the ogre. The ogre completely misses you.
You barely miss the ogre.
The ogre hits you with a +0 giant spiked club.
You hit the ogre. You slash the ogre!
You kill the ogre!
Makhleb accepts your kill.
You can now harness Makhleb's destructive might.
You slash the two-headed ogre!
The two-headed ogre hits you with a +0 giant club!
The two-headed ogre hits you with a +0 giant club.
You slash the two-headed ogre! You hit the two-headed ogre.
The two-headed ogre misses you. x2
You hit the two-headed ogre.
The two-headed ogre hits you with a +0 giant club!
* * * LOW HITPOINT WARNING * * *
The two-headed ogre misses you.
You are too injured to fight recklessly!
You feel agile all of a sudden.
The two-headed ogre hits you with a +0 giant club!!
* * * LOW HITPOINT WARNING * * *
The two-headed ogre hits you with a +0 giant club!!
You die...

.T #..# #.# ..
#..############.#
..
#.......).....#.#
#'##
#.###########.#.#
...##..#
#....#...# #.#.#
....##'#
#(##.#(#.# #.#.#
....'..##
#....#.#.# #.#.#
....#...#
#.####.#.# #.#.#
...##...## #@#
#.#.# #.#.#
####.....### #O#
#.#.####.#.#
...........#####o#
#.#....#.#.#
........o....((#o#
#.####.#.#.#
.#....#..o.O...o)#
#........#.#
.).............#.#
####...###.#
...........#####.#
#...#...#
####.....### #.#
#...#.### ##...##
#.# ####...#.#


You could see a two-headed ogre, an orc warrior and 2 orcs.

Vanquished Creatures
  Psyche (D:8)
  2 hippogriffs (D:11)
  A vampire (D:11)
  2 ice beasts
  A sky beast (D:8)
  A necrophage (D:10)
  A wolf (D:10)
  4 ogres
  A centaur (D:8)
  6 bullfrogs
  4 scorpions
  A water moccasin skeleton (D:8)
  2 howler monkeys
  5 crimson imps
  A centaur zombie (D:6)
  A bullfrog zombie (D:5)
  A quasit (D:4)
  7 hounds
  A jelly (D:5)
  2 centaur skeletons
  2 orc priests
  A bullfrog skeleton (D:11)
  2 orc wizards
  Natasha (thrice) (D:2)
  5 iguanas
  3 worker ants
  Terence (D:2)
  3 gnolls (D:3)
  9 adders
  2 adder zombies (D:8)
  A worm (D:2)
  2 leopard geckos
  11 orcs
  A ball python (D:7)
  10 bats
  3 giant cockroaches
  9 hobgoblins
  6 jackals
  3 quokkas
  2 frilled lizards
  7 goblins
  3 jackal skeletons (D:6)
  A jackal zombie (D:6)
  2 kobolds (D:1)
  A quokka skeleton (D:4)
  A quokka zombie (D:6)
  6 rats
145 creatures vanquished.

Vanquished Creatures (others)
  11 toadstools (D:4)
11 creatures vanquished.

Grand Total: 156 creatures vanquished

Notes
Turn   | Place    | Note
-------+----------+-------------------------------------------
     0 | D:1      | MalarOregon the Ghoul Warper began the quest for the Orb.
     0 | D:1      | Reached XP level 1. HP: 17/17 MP: 2/2
   142 | D:1      | Reached XP level 2. HP: 18/25 MP: 3/3
   581 | D:2      | Noticed Natasha
   589 | D:2      | Killed Natasha
   589 | D:2      | Reached skill level 1 in Stealth
   589 | D:2      | Reached XP level 3. HP: 12/30 MP: 4/4
   633 | D:2      | Learned a level 2 spell: Blink
   757 | D:2      | Noticed Terence
   776 | D:2      | Killed Terence
   776 | D:2      | Reached skill level 3 in Fighting
   776 | D:2      | Reached XP level 4. HP: 16/38 MP: 5/5
  1080 | D:2      | Noticed Natasha
  1106 | D:2      | Killed Natasha
  1394 | D:2      | Reached XP level 5. HP: 45/45 MP: 7/7
  1566 | D:2      | Noticed Natasha
  1587 | D:2      | Killed Natasha
  2070 | D:3      | Found a shadowy altar of Dithmenos.
  2476 | D:3      | Found a snail-covered altar of Cheibriados.
  2476 | D:3      | Found a basalt altar of Yredelemnul.
  2480 | D:3      | Found a shadowy altar of Dithmenos.
  2960 | D:3      | Reached XP level 6. HP: 13/52 MP: 8/8
  3212 | D:4      | Reached skill level 4 in Fighting
  3239 | D:4      | Found a staircase to the Ecumenical Temple.
  3248 | Temple   | Entered the Ecumenical Temple
  3286 | Temple   | Became a worshipper of Makhleb the Destroyer
  3529 | D:4      | Found a blossoming altar of Fedhas.
  3550 | D:4      | Noticed an oklob plant
  4095 | D:5      | Entered Level 5 of the Dungeon
  4120 | D:5      | Reached XP level 7. HP: 54/60 MP: 9/9
  4144 | D:4      | Reached skill level 1 in Invocations
  4992 | D:6      | Reached * piety under Makhleb
  4992 | D:6      | Reached skill level 5 in Fighting
  4997 | D:6      | Learned a level 3 spell: Gell's Gravitas
  5239 | D:6      | Reached XP level 8. HP: 54/68 MP: 10/10
  5900 | D:6      | Reached skill level 6 in Fighting
  5900 | D:6      | Reached skill level 5 in Long Blades
  5936 | D:6      | Found a stormy altar of Qazlal.
  5949 | D:6      | Reached skill level 5 in Dodging
  7086 | D:7      | Reached XP level 9. HP: 61/77 MP: 11/11
  7301 | D:8      | You fall through a shaft!
  7447 | D:9      | Noticed a troll
  7989 | D:8      | Found Gozag's Platinum Reserve.
  8000 | D:8      | Found an opulent altar of Gozag.
  8296 | D:8      | Reached skill level 7 in Fighting
  8683 | D:8      | Noticed Psyche
  8705 | D:8      | Killed Psyche
  8705 | D:8      | Reached skill level 5 in Stealth
  8937 | D:8      | You fall through a shaft for 3 floors!
  9032 | D:10     | Entered Level 10 of the Dungeon
  9061 | D:10     | Got a pair of faintly glowing gloves
  9099 | D:10     | Identified the +0 pair of gloves "Vet Obom" {rPois rN+ MP-9
                  | Int+4} (You found it on level 10 of the Dungeon)
  9113 | D:10     | Noticed Grum
  9433 | D:11     | Noticed a two-headed ogre
  9630 | D:11     | Noticed a brown ugly thing
  9646 | D:11     | Noticed a troll
  9694 | D:11     | Reached ** piety under Makhleb
 10104 | D:11     | Reached skill level 8 in Fighting
 10104 | D:11     | Reached XP level 10. HP: 20/86 MP: 12/12
 10468 | D:11     | Noticed a two-headed ogre
 10526 | D:11     | Slain by a two-headed ogre

Skill      XL: |  1  2  3  4  5  6  7  8  9 |
---------------+----------------------------+-----
Long Blades    | 2 3 4 5 6 |  6.8
Dodging        | 2 3 4 5 6 |  6.8
Stealth        | 1 2 3 4 5 |  5.9
Fighting       | 3 4 5 6 8 |  8.2
Spellcasting   | 2 |  2.0
Translocations | 3 |  3.0
Invocations    | 2 3 4 |  4.0
Throwing       | |  0.8
Armour         | |  0.8

Action                   |  1- 3 |  4- 6 |  7- 9 | 10-12 || total
-------------------------+-------+-------+-------+-------++-------
Melee: Falchion          |    66 |   223 |   645 |    36 ||   970
Throw: Tomahawk          |       |       |     5 |       ||     5
 Cast: Blink             |       |       |     7 |       ||     7
Evoke: Wand              |       |       |     6 |     3 ||     9
  Use: Scroll            |       |     4 |     8 |       ||    12
       Potion            |       |       |     2 |     1 ||     3
 Stab: Sleeping          |       |     1 |     5 |     1 ||     7
       Distracted        |       |     1 |       |       ||     1
       Paralysed         |       |       |       |    10 ||    10
  Eat: Chunk             |     6 |    18 |    33 |       ||    57
Armor: Leather armour    |    11 |    72 |    81 |       ||   164
       Robe              |       |       |   197 |       ||   197
Dodge: Dodged            |    39 |   153 |   557 |    17 ||   766
       Rpst.: Falchion   |    13 |    52 |   136 |     4 ||   205
